 Dungeon Crawl Stone Soup version 0.24.0-125-gc4c63601f3 (webtiles) character file.

Game seed: 17229253668189616257, levelgen mode: deterministic

21 straycat the Vexing (level 2, 0/22 HPs)
             Began as a Vampire Wanderer on Mar 6, 2020.
             Slain by a kobold
             ... wielding a +1 whip of electrocution
              (4 damage)
             ... on level 1 of the Dungeon.
             The game lasted 00:04:18 (413 turns).

straycat the Vexing (Vampire Wanderer)               Turns: 413, Time: 00:04:19

Health: 0/22       AC:  2    Str:  9    XL:     2   Next: 65%
Magic:  5/5        EV: 12    Int: 16    God:
Gold:   69         SH:  0    Dex: 13    Spells: 5/5 levels left

rFire    . . .     SeeInvis +   a - +0 falchion
rCold    . . .     Gourm    .   (no shield)
rNeg     . . .     Faith    .   c - +0 robe
rPois    .         Spirit   .   (no helmet)
rElec    .         Reflect  .   (no cloak)
rCorr    .         Harm     .   (no gloves)
MR       .....                  (no boots)
Stlth    ++........             (no amulet)
HPRegen  0.27/turn              (no ring)
MPRegen  0.09/turn              (no ring)

@: regenerating quickly
A: no food, fangs 3, see invisible, unbreathing
a: Exsanguinate


You were on level 1 of the Dungeon.
You were alive.

You visited 1 branch of the dungeon, and saw 1 of its levels.

You collected 69 gold pieces.

Inventory:

Hand Weapons
 a - a +0 falchion (weapon)
 d - a +0 dagger
 e - a +0 spear
 f - a +0 whip
 h - a +1 vampiric spear
Missiles
 b - 50 arrows
 g - 25 stones (quivered)
Armour
 c - a +0 robe (worn)
Scrolls
 j - a scroll of enchant armour {unknown}
Potions
 i - a potion of might {unknown}


   Skills:
 * Level 1.7 Fighting
 - Level 2.0 Long Blades
 + Level 1.3 Dodging
 - Level 3.0 Stealth
   Level 1.0 Shields
 - Level 2.0 Spellcasting
   Level 3.0 Hexes
   Level 1.1 Necromancy


You had 5 spell levels left.
You didn't know any spells.
Your spell library contained the following spells:

 Spells                   Type           Power        Failure   Level  Hunger
 Animate Skeleton         Necr           N/A          13%         1    N/A
 Pain                     Necr           #...         13%         1    N/A
 Vampiric Draining        Necr           #.........   36%         3    N/A
 Regeneration             Chrm/Necr      #.........   45%         3    N/A
 Animate Dead             Necr           N/A          78%         4    N/A

Dungeon Overview and Level Annotations

Branches:
Dungeon (1/15)

Altars:


Innate Abilities, Weirdness & Mutations

You do not eat.
Your natural rate of healing is unusually fast.
You have razor-sharp teeth.
You have supernaturally acute eyesight. (SInv)
You can survive without breathing.


Message History

a +0 club; a hobgoblin corpse The kobold hits you but does no damage.
You closely miss the kobold.
The kobold hits you with a +1 whip of electrocution.
* * * LOW HITPOINT WARNING * * *
The kobold barely misses you.
You hit the kobold.
The kobold is heavily wounded.
The kobold closely misses you.
You closely miss the kobold.
The kobold is heavily wounded.
The kobold barely misses you.
You barely miss the kobold.
The kobold is heavily wounded.
The kobold hits you with a +1 whip of electrocution.
* * * LOW HITPOINT WARNING * * *
You hit the kobold but do no damage.
The kobold is heavily wounded.
The kobold hits you with a +1 whip of electrocution.
You die...

### #..## ....##############
......?##........#
....).......g.##@#
....##.##.###K##K#
....####.......#g##############
.>).. #..###.g...............#
..... ....#
#..#.############.###
....#.###.#
#......##...)........ #..##.
#.# #......##.##......... ###
.. ..# #.........##.####.###
#......#..##.# #.# #


You could see a hobgoblin and a kobold.

Vanquished Creatures
  2 leopard geckos (D:1)
  A giant cockroach (D:1)
  2 goblins (D:1)
  5 hobgoblins (D:1)
  3 bats (D:1)
  2 frilled lizards (D:1)
  2 kobolds (D:1)
  2 rats (D:1)
19 creatures vanquished.

Notes
Turn   | Place    | Note
-------+----------+-------------------------------------------
     0 | D:1      | straycat the Vampire Wanderer began the quest for the Orb.
     0 | D:1      | straycat set off with the following items: a +0 falchion, a
                  | +0 robe, a +0 dagger; and the following spells available to
                  | memorise: Animate Skeleton, Pain, Vampiric Draining,
                  | Regeneration, Animate Dead
     0 | D:1      | Reached XP level 1. HP: 13/13 MP: 3/3
   155 | D:1      | Reached skill level 1 in Fighting
   193 | D:1      | Reached XP level 2. HP: 19/21 MP: 5/5
   248 | D:1      | Reached skill level 1 in Dodging
   413 | D:1      | Slain by a kobold

Levels and vault maps discovered:
D:1:      scummos_arrival_gate, layout_loops_ring, st_stairs_5

Skill      XL: |  1  2 |
---------------+-------+-----
Fighting       | 1 |  1.7
Dodging        | 1 |  1.3
Long Blades    | |  2.0
Stealth        | |  3.0
Shields        | |  1.0
Spellcasting   | |  2.0
Hexes          | |  3.0
Necromancy     | |  1.1

Action                   || total
-------------------------++-------
Melee: Falchion          ||    79
       Bite              ||     3
 Stab: Sleeping          ||     1
Armor: Robe              ||    21
Dodge: Dodged            ||    45
       Rpst.: Falchion   ||    11
